Map: Neon Violet Square LE

Players

JagrsMullets - Winner!

  • Race: Protoss Protoss
  • Spawn Location: 11:00

A.I. 1 (Easy)

  • Race: Zerg Zerg
  • Spawn Location: 5:00

VOD

Have the link to the VOD?

Description

Time

  • Played on: Nov. 15, 2017, 2:19 a.m.
  • Length: 7:53
Show
View Real Time Build Order
Export as new Build Order

JagrsMullets Protoss - Winner!

Build Orders:  

Get SALT Encoding   

  12  0:10  Probe (Chrono Boost)  
  14  0:22  Probe (Chrono Boost)  
  14  0:39  Pylon  
  14  0:43  Pylon  
  14  0:45  Probe  
  15  0:57  Probe  
  16  1:05  Pylon  
  16  1:09  Probe  
  17  1:13  Forge  
  17  1:34  Pylon  
  17  1:40  Pylon  
  17  1:52  Photon Cannon  
  17  1:55  Photon Cannon  
  17  2:03  Photon Cannon  
  17  2:12  Assimilator  
  17  2:15  Assimilator  
  17  2:51  Gateway  
  17  3:06  Gateway  
  17  3:12  Gateway  
  17  3:16  Gateway  
  17  3:21  Gateway  
  17  3:23  Gateway  
  17  4:07  Cybernetics Core  
  17  4:23  Pylon  
  17  4:52  Protoss Ground Weapons Level 1  
  17  4:57  Warp Gate (Chrono Boost)  
  17  5:01  Twilight Council  
  17  6:00  Charge  
  17  6:49  Zealot  
  17  6:50  Zealot x3  
  17  6:51  Zealot x2  
  29  7:16  Stalker x2  
  29  7:17  Stalker  
  29  7:18  Stalker x2  
  29  7:20  Stalker  
Show
View Real Time Build Order
Export as new Build Order

A.I. 1 (Easy) Zerg 

Build Orders: Pool First 

Get SALT Encoding   

  12  0:01  Drone  
  13  0:13  Overlord  
  13  0:18  Drone  
  14  0:31  Drone  
  14  0:35  Drone  
  16  0:44  Spawning Pool  
  16  0:45  Drone  
  16  0:50  Extractor  
  16  0:52  Drone  
  16  0:59  Overlord  
  16  1:31  Zergling x2  
  16  1:32  Queen  
  17  1:33  Roach Warren  
  17  1:35  Extractor  
  17  1:37  Drone  
  18  1:42  Drone  
  19  1:57  Drone  
  20  2:02  Zergling x2  
  20  2:05  Overlord  
  21  2:14  Drone  
  22  2:25  Drone  
  23  2:36  Drone  
  24  2:39  Roach  
  24  2:40  Drone  
  27  2:44  Drone  
  28  3:09  Ravager, Overlord  
  28  3:10  Roach  
  31  3:41  Roach, Ravager  
  34  6:43  Roach, Lair, Drone, Overlord  
  35  6:48  Drone  
  35  6:52  Drone  
  29  7:03  Roach  
  29  7:20  Hatchery  
  29  7:21  Drone  
  24  7:23  Roach  
  24  7:25  Drone  
  24  7:29  Drone  
  20  7:33  Drone  
  12  7:38  Drone  
Tags
 
Add a new tag
Caveats
  • Supply blocks, unpowered buildings, or Contaminate may cause inaccurate times.
  • Supply counts are checked every 10 seconds.